AoeStats
← Lulu_Berlu

Hideout

509613528Analyzed
1v1 RM · 3d ago on Sep 27, 2026· 44m 29s· 2 players
Game mode
Random Map
Map size
Tiny (2 player)
Population
200
Speed
Normal
Resources
Standard
Victory
Conquest
Starting age
Dark Age
Ending age
Imperial Age
RankedLock teamsTeams togetherTeam positionsShared explorationLock speedFull tech treeHidden civsTurbo modeCheats
Victory
Defeat
🇫🇷 Franks · France
908
+15
🇨🇦 Japanese · Canada
883
-15
NiCpEl Qc
7:31 Loom
10:38 Feudal Age
10:55 Man-at-Arms
12:23 Double-Bit Axe
12:19 Horse Collar
13:00 Arson
13:28 Forging
24:17 Castle Age
25:43 Pikeman
26:49 Squires
31:46 Wheelbarrow
31:26 Long Swordsman
31:52 Gambesons
33:12 Iron Casting
35:45 Bow Saw
35:56 Hand Cart
39:00 Imperial Age
42:21 Kataparuto
42:22 Conscription
42:50 Gold Mining
42:52 Stone Mining
Lulu_Berlu
3:49 Loom
10:53 Feudal Age
16:21 Castle Age
16:42 Scale Barding Armor
16:48 Forging
28:51 Double-Bit Axe
31:42 Bow Saw
31:41 Fletching
33:36 Chain Barding Armor
36:21 Husbandry
37:09 Bodkin Arrow
37:59 Wheelbarrow
39:39 Iron Casting
44:52 Imperial Age
42:41 Hand Cart
42:13 Town Watch
43:05 Scale Mail Armor
Connection lost

Rejoining the realm…

Still unreachable

The connection could not be restored.

Session expired

The server has moved on; the page needs a fresh start.